 Dungeon Crawl Stone Soup version 0.21.1-1-g345015f (webtiles) character file.

200 iamserjio the Sneak (level 5, -5/37 HPs)
             Began as an Octopode Monk on Apr 4, 2018.
             Killed by nerve-wracking pain
             ... invoked by SpeedyPerson7's ghost
              (6 damage)
             ... on level 3 of the Dungeon.
             The game lasted 00:16:11 (1985 turns).

iamserjio the Sneak (Octopode Monk)                 Turns: 1985, Time: 00:16:12

Health: -5/37      AC:  1    Str: 11    XL:     5   Next: 78%
Magic:  5/5        EV: 15    Int: 12    God:
Gold:   116        SH:  0    Dex: 15    Spells: 4/4 levels left

rFire    . . .     SeeInvis .   a - +0 spear
rCold    . . .     Gourm    .   (no shield)
rNeg     . . .     Faith    .   (helmet restricted)
rPois    .         Spirit   .   (no amulet)
rElec    .         Reflect  .   (no ring)
rCorr    .         Harm     .   (no ring)
MR       .....                  (no ring)
Stlth    ++++......             (no ring)
HPRegen  0.12/turn              (no ring)
MPRegen  0.09/turn              (no ring)
                                (no ring)
                                (no ring)

@: no status effects
A: almost no armour, stealthy swim, amphibious, 8 rings, constrict 8, camouflage
1, gelatinous body 1
a: no special abilities


You were on level 3 of the Dungeon.
You were hungry.

You visited 1 branch of the dungeon, and saw 4 of its levels.

You collected 116 gold pieces.

Inventory:

Hand Weapons
 a - a +0 spear (weapon)
 d - a +0 dagger
 i - a +2 dagger of pain
 x - a +0 hunting sling
Missiles
 c - 38 bolts
 e - 74 stones (quivered)
 m - 25 sling bullets
 q - 12 arrows
 r - 11 poisoned needles
Jewellery
 l - a cursed amulet of inaccuracy {unknown}
 y - a +5 ring of dexterity {unknown}
Scrolls
 f - 2 scrolls of identify {unknown}
 j - a scroll of remove curse {unknown}
 s - a scroll of magic mapping {unknown}
 t - 3 scrolls of teleportation {unknown}
 w - a scroll of fear {unknown}
Potions
 g - 2 potions of agility {unknown}
 h - a potion of flight {unknown}
 k - 2 potions of curing {unknown}
 n - a potion of magic {unknown}
 p - a potion of invisibility {unknown}
 u - a potion of brilliance {unknown}
 v - a potion of might {unknown}
Comestibles
 b - 8 rations


   Skills:
 + Level 4.0 Fighting
 - Level 3.1 Polearms
 * Level 4.5 Dodging
 * Level 5.1 Stealth


You had 4 spell levels left.
You didn't know any spells.

Dungeon Overview and Level Annotations

Branches:
Dungeon (4/15)
 Temple: D:4-7

Altars:
Xom

Annotations:
D:3 SpeedyPerson7's ghost, weakling GnNe


Innate Abilities, Weirdness & Mutations

You cannot wear most types of armour.
You are very stealthy in the water. (Stealth+)
You are amphibious.
You can wear up to eight rings at the same time.
You can use your tentacles to constrict eight enemies at once.
Your skin changes colour to match your surroundings (Stealth+).
Your rubbery body absorbs attacks. (AC +1, EV +1)


Message History

SpeedyPerson7's ghost hits you.
* * * LOW HITPOINT WARNING * * *
You barely miss SpeedyPerson7's ghost.
SpeedyPerson7's ghost is moderately damaged.
SpeedyPerson7's ghost misses you.
You hit SpeedyPerson7's ghost but do no damage.
Your squeeze misses SpeedyPerson7's ghost.
SpeedyPerson7's ghost is moderately damaged.
You hit SpeedyPerson7's ghost.
SpeedyPerson7's ghost is heavily damaged.
SpeedyPerson7's ghost hits you.
* * * LOW HITPOINT WARNING * * *
All of the chunks of flesh in your inventory have rotted away.
You barely miss SpeedyPerson7's ghost.
SpeedyPerson7's ghost is heavily damaged.
SpeedyPerson7's ghost hits you.
* * * LOW HITPOINT WARNING * * *
SpeedyPerson7's ghost points at you and mumbles some strange words.
Pain shoots through your body!
You die...

#..............>.......
##......................
........$...............
##...........?(.........
....(......<............
##......................
........W...............
........................
.......@........[.......
....#.#.#.###..#.######.
... +............# #.
#.#..........#
..............#
##########.#..# ...#.W#
### #..# #####
#..###....


You could see SpeedyPerson7's ghost.

Vanquished Creatures
  A phantom (D:3)
  5 adders
  3 worms (D:2)
  2 dart slugs (D:1)
  3 leopard geckos
  7 bats
  4 giant cockroaches
  5 goblins
  5 hobgoblins
  4 jackals (D:1)
  5 kobolds
  2 frilled lizards
  9 rats
55 creatures vanquished.

Notes
Turn   | Place    | Note
-------+----------+-------------------------------------------
     0 | D:1      | iamserjio the Octopode Monk began the quest for the Orb.
     0 | D:1      | Reached XP level 1. HP: 16/16 MP: 1/1
   159 | D:1      | Reached XP level 2. HP: 20/21 MP: 2/2
   471 | D:1      | Reached skill level 3 in Stealth
   503 | D:1      | Reached XP level 3. HP: 26/26 MP: 3/3
   923 | D:2      | Found a shimmering altar of Xom.
   951 | D:2      | Reached XP level 4. HP: 27/32 MP: 4/4
  1274 | D:2      | Reached skill level 4 in Stealth
  1286 | D:3      | Found a faded altar of an unknown god.
  1354 | D:3      | Noticed a phantom
  1426 | D:4      | Noticed an ogre
  1455 | D:3      | Killed a phantom
  1455 | D:3      | Reached skill level 5 in Stealth
  1455 | D:3      | Reached XP level 5. HP: 14/37 MP: 5/5
  1659 | D:3      | Noticed SpeedyPerson7's ghost (weakling GnNe)
  1983 | D:3      | HP: 1/37 [SpeedyPerson7's ghost (5)]
  1985 | D:3      | Killed from afar by SpeedyPerson7's ghost

Skill      XL: |  1  2  3  4 |
---------------+-------------+-----
Stealth        | 3 5 |  5.1
Dodging        | 4 |  4.5
Fighting       | 4 |  4.0
Polearms       | |  3.1

Action                   |  1- 3 |  4- 6 || total
-------------------------+-------+-------++-------
Melee: Spear             |    75 |    96 ||   171
       Constrict         |    20 |     8 ||    28
       Tentacles         |    14 |    14 ||    28
Throw: Stone             |     1 |       ||     1
 Stab: Sleeping          |     6 |     4 ||    10
       Distracted        |       |     1 ||     1
  Eat: Chunk             |       |     3 ||     3
Armor: Skin              |    10 |     3 ||    13
Dodge: Dodged            |    47 |    39 ||    86
